 Dungeon Crawl Stone Soup version 0.26-a0-83-g7ccd015ce0 (webtiles) character file.

Game seed: 9616816800741237723

96 Gamerguy47 the Chopper (level 4, -10/35 HPs)
             Began as a Demonspawn Abyssal Knight on June 16, 2020.
             Was a Follower of Lugonu.
             Killed themself with a badly aimed iceblast (15 damage)
             ... on level 2 of the Dungeon.
             The game lasted 00:16:56 (2380 turns).

Gamerguy47 the Chopper (Demonspawn Abyssal Knight)  Turns: 2380, Time: 00:16:56

Health: -10/35     AC:  3    Str: 13    XL:     4   Next: 41%
Magic:  14/14      EV: 26    Int: 20    God:    Lugonu [*.....]
Gold:   104        SH:  0    Dex: 12    Spells: 3/3 levels left

rFire    . . .     SeeInvis .   a - +1 hand axe
rCold    . . .     Gourm    .   (no shield)
rNeg     . . .     Faith    .   b - +0 leather armour
rPois    .         Spirit   .   (no helmet)
rElec    .         Reflect  .   (no cloak)
rCorr    .         Harm     .   (no gloves)
MR       .....                  (no boots)
Stlth    +.........             f - amulet of the acrobat
HPRegen  0.11/turn              g - ring of magical power
MPRegen  0.14/turn              j - +6 ring of intelligence

@: lethally poisoned (-10 -> -17), acrobat
A: hooves 1
a: Depart the Abyss, Renounce Religion


You were on level 2 of the Dungeon.
You worshipped Lugonu.
Lugonu was aware of your devotion.
You were not hungry.

You visited 1 branch of the dungeon, and saw 2 of its levels.
You visited the Abyss 1 time.

You collected 104 gold pieces.

Inventory:

Hand Weapons
 a - a +1 hand axe (weapon)
Armour
 b - a +0 leather armour (worn)
Jewellery
 f - an amulet of the acrobat (around neck)
 g - a ring of magical power (left hand)
 j - a +6 ring of intelligence (right hand)
Wands
 m - a wand of random effects (21)
Scrolls
 d - a scroll of identify {unknown}
 e - a scroll of magic mapping {unknown}
 h - 2 scrolls of remove curse {unknown}
 i - a scroll of immolation {unknown}
 k - a scroll of noise {unknown}
 l - a scroll of amnesia {unknown}
Comestibles
 c - a ration


   Skills:
 - Level 3.4 Fighting
 + Level 3.7 Axes
 - Level 2.0 Armour
 - Level 0.9 Dodging
 - Level 2.4 Invocations


You had 3 spell levels left.
You didn't know any spells.
Your spell library was empty.

Dungeon Overview and Level Annotations

Branches:
Dungeon (2/15)

Altars:
Wu Jian
Xom


Innate Abilities, Weirdness & Mutations

You have large cloven feet.


Message History

The adder bites you.
* * * LOW HITPOINT WARNING * * *
You are poisoned.
The adder poisons you! The adder barely misses you.
You feel sick. The adder bites you.
* * * LOW HITPOINT WARNING * * *
You are lethally poisoned!
The adder poisons you!
* * * LOW HITPOINT WARNING * * *
You feel sick.
* * * LOW HITPOINT WARNING * * *
You feel sick.
Aiming: Random Effects
Press: ? - help, Shift-Dir - straight line, f - adder
Aim: an adder (almost dead)
The mass of ice explodes!
The iceblast engulfs the adder!
You kill the adder!
Lugonu accepts your kill. The iceblast engulfs you!
You die...

.. ###.# ## ##...# ##.
.. #...)###..) #.#
##....#...#.### #..
#.......# .>.##
##.....######..####
#.@_........#.....# #
##......####.#.....#
#...#...w†.......#......
.)..........####.#.....#
..........#.............
.....?.##.######.#.....#
......# ..b# #<.......
.....# .....# ###......
#$... ......# ........


You could see a worm.

Vanquished Creatures
  4 adders (D:2)
  An ooze (D:2)
  3 dart slugs
  2 leopard geckos (D:2)
  3 giant cockroaches
  4 goblins
  7 hobgoblins
  2 jackals (D:1)
  4 kobolds
  8 bats
  5 frilled lizards
  5 rats
48 creatures vanquished.

Notes
Turn   | Place    | Note
-------+----------+-------------------------------------------
     0 | Abyss:1  | Gamerguy47 the Demonspawn Abyssal Knight began the quest
                  | for the Orb.
     0 | Abyss:1  | Reached XP level 1. HP: 18/18 MP: 2/2
     0 | Abyss:1  | Noticed a big kobold
     0 | Abyss:1  | Noticed a big kobold
    40 | Abyss:1  | Noticed a worldbinder
    40 | Abyss:1  | Noticed an iron imp
    41 | Abyss:1  | Noticed a hellion
    42 | D:1      | Escaped the Abyss
   117 | D:1      | Reached * piety under Lugonu
   259 | D:1      | Gained mutation: You have large cloven feet. [demonic
                  | ancestry]
   259 | D:1      | Reached XP level 2. HP: 24/24 MP: 3/3
   906 | D:1      | Reached XP level 3. HP: 24/29 MP: 4/4
  1789 | D:1      | Reached XP level 4. HP: 7/35 MP: 5/5
  2353 | D:2      | Found a shimmering altar of Xom.
  2356 | D:2      | Found an ornate altar of the Wu Jian Council.
  2380 | D:2      | Killed themself with a badly aimed iceblast

Illustrated notes

Levels and vault maps discovered:
D:1:      psy_arrival_statuary, layout_basic
D:2:      layout_rooms, xom_butterflies, lemuel_round_altar

Skill      XL: |  1  2  3 |
---------------+----------+-----
Axes           | 2 3 |  3.7
Armour         | 2 |  2.0
Fighting       | |  3.4
Dodging        | |  0.9
Invocations    | |  2.4

Action                   |  1- 3 |  4- 6 || total
-------------------------+-------+-------++-------
Melee: Hand axe          |   119 |    29 ||   148
       Kick              |    20 |     6 ||    26
Invok: Depart the Abyss  |     1 |       ||     1
  Use: Potion            |     2 |     1 ||     3
  Eat: Chunk             |     3 |     1 ||     4
       Ration            |       |     1 ||     1
Armor: Leather armour    |    41 |     4 ||    45
Dodge: Dodged            |    98 |    16 ||   114

Table legend:
 A = Non-vault XP
 B = Vault XP
 C = Vault XP percentage of total XP
 D = Non-vault monster count
 E = Vault monster count
 F = Vault count percentage of total count
                 A         B        C        D         E       F
            +---------+---------+-------+---------+---------+-------
      Total |     138 |       0 |   0.0 |      48 |       0 |   0.0
            +---------+---------+-------+---------+---------+-------
        D:1 |      48 |       0 |   0.0 |      26 |       0 |   0.0
        D:2 |      90 |       0 |   0.0 |      22 |       0 |   0.0
            +---------+---------+-------+---------+---------+-------
